Map: Newkirk Precinct TE (Void)

Players

NIA - Winner!

  • Race: Zerg Zerg
  • League: Gold
  • Spawn Location: 5:00

DankDoctor

  • Race: Terran Terran
  • League: Gold
  • Spawn Location: 7:00

VOD

Have the link to the VOD?

Description

Time

  • Played on: Jan. 6, 2017, 8:17 a.m.
  • Length: 10:17
Show
View Real Time Build Order
Export as new Build Order

NIA Zerg - Winner!

Build Orders: Pool First, Muta Ling Bane 

Get SALT Encoding   

  12  0:01  Drone  
  13  0:13  Overlord  
  13  0:20  Drone  
  14  0:31  Drone x2  
  14  0:35  Drone  
  17  0:46  Spawning Pool  
  17  0:50  Drone  
  17  0:53  Extractor  
  17  0:56  Drone  
  17  1:07  Drone  
  18  1:20  Hatchery  
  18  1:23  Drone  
  18  1:33  Zergling x2  
  18  1:39  Zergling x2  
  20  1:41  Queen  
  22  1:58  Overlord  
  22  2:10  Drone, Evolution Chamber  
  22  2:17  Pneumatized Carapace  
  22  2:33  Queen  
  24  2:44  Drone  
  24  2:45  Drone x3  
  28  2:54  Drone x3  
  28  2:55  Drone x2  
  33  3:09  Baneling Nest  
  33  3:11  Queen  
  33  3:12  Overlord  
  34  3:18  Zergling x2  
  34  3:42  Drone x4  
  34  3:46  Roach Warren, Overlord  
  34  3:47  Drone x3  
  40  3:57  Baneling x2  
  40  3:59  Lair  
  40  4:00  Overlord  
  40  4:11  Baneling x2  
  40  4:15  Extractor  
  39  4:17  Drone x3  
  39  4:18  Overlord  
  42  4:33  Drone x2  
  42  4:35  Drone  
  42  4:36  Drone x2  
  45  4:56  Glial Reconstitution  
  46  5:00  Drone  
  46  5:01  Extractor  
  46  5:02  Extractor  
  44  5:16  Roach, Hatchery, Overlord x2  
  44  5:17  Roach x5  
  55  5:30  Drone x2  
  57  5:39  Drone x3  
  60  5:45  Spore Crawler  
  60  5:49  Roach x3  
  65  6:02  Roach x5  
  75  6:05  Overlord  
  75  6:29  Queen  
  75  6:30  Drone  
  78  6:40  Zerg Missile Weapons Level 1  
  78  6:45  Drone x5  
  73  6:59  Drone x2  
  69  7:18  Spire  
  68  7:25  Evolution Chamber  
  67  7:34  Drone  
  68  7:38  Overlord x2  
  68  7:43  Roach  
  68  7:44  Roach x4  
  72  7:45  Roach x3, Zergling x4  
  72  7:46  Zergling x6  
  89  7:52  Overlord x2  
  89  7:57  Roach  
  89  7:58  Roach x2, Zergling x4  
  95  7:59  Zergling x4  
  95  8:01  Centrifical Hooks  
  95  8:04  Baneling  
  95  8:05  Baneling x5  
  99  8:10  Baneling  
  99  8:11  Baneling x3  
  99  8:16  Roach x6  
  99  8:18  Baneling x3  
  99  8:19  Baneling  
  111  8:23  Baneling x2  
  103  9:03  Mutalisk x7  
  103  9:04  Mutalisk x2  
  121  9:13  Mutalisk, Overlord  
  121  9:14  Overlord x3  
  121  9:24  Infestation Pit  
  112  9:43  Mutalisk x2  
  112  9:45  Zergling x14  
  98  9:52  Extractor x2  
Show
View Real Time Build Order
Export as new Build Order

DankDoctor Terran 

Build Orders: Reaper Expand 

Get SALT Encoding   

  12  0:01  SCV  
  13  0:17  Supply Depot  
  13  0:18  SCV  
  14  0:31  SCV  
  15  0:39  Barracks  
  15  0:45  Refinery  
  15  0:46  SCV  
  16  0:58  SCV  
  17  1:10  SCV  
  19  1:26  Orbital Command  
  19  1:28  Supply Depot  
  19  1:29  Reaper  
  19  1:54  Command Center  
  19  1:55  SCV  
  20  2:01  Marine  
  20  2:07  SCV  
  22  2:16  Factory  
  22  2:19  SCV  
  23  2:27  Marine  
  24  2:44  SCV  
  25  2:45  Marine  
  25  2:47  Refinery  
  26  2:56  SCV  
  26  3:02  Marine  
  26  3:04  Hellion  
  29  3:22  Barracks Reactor  
  29  3:26  Hellion  
  31  3:35  SCV  
  31  3:37  Supply Depot  
  31  3:39  Orbital Command  
  32  3:47  Hellion, SCV, Factory  
  35  3:59  SCV  
  36  4:03  Marine x2  
  36  4:08  Supply Depot  
  40  4:15  Factory Reactor  
  38  4:18  SCV  
  38  4:21  Marine x2  
  41  4:30  SCV  
  42  4:35  Factory Tech Lab  
  42  4:37  Starport  
  42  4:39  Supply Depot  
  42  4:42  SCV  
  36  4:48  SCV  
  32  4:54  SCV  
  33  5:00  SCV  
  33  5:03  Engineering Bay  
  34  5:12  SCV  
  35  5:15  Starport Tech Lab  
  35  5:18  Starport  
  35  5:24  SCV  
  36  5:29  Siege Tank  
  36  5:31  Hellion x2  
  43  5:38  Missile Turret  
  43  5:42  Missile Turret  
  43  5:44  Raven  
  45  5:57  Hellion x2  
  49  6:02  Siege Tank  
  52  6:06  SCV  
  51  6:19  SCV  
  52  6:31  SCV  
  53  6:34  Siege Tank  
  56  6:45  SCV  
  55  6:58  SCV  
  55  7:00  Marine x2  
  56  7:06  Siege Tank  
  59  7:09  Armory  
  59  7:12  Starport Reactor  
  59  7:15  Hellion  
  63  7:20  SCV  
  62  7:32  SCV  
  62  7:35  Hellion  
  62  7:36  Hellion  
  67  7:38  Siege Tank  
  70  8:09  Supply Depot  
  70  8:23  Medivac  
  69  8:30  Siege Tank  
  69  8:31  Hellion x2  
  76  8:36  Supply Depot  
  69  8:52  Hellion, Hellbat  
  73  9:00  SCV  
  76  9:03  Hellion  
  74  9:12  SCV  
  74  9:13  Hellion  
  75  9:24  Siege Tank  
  78  9:33  Hellion  
  78  9:35  Hellion  
  58  9:50  Command Center  
  58  9:54  Hellion  
  58  9:56  Hellion  
Tags
 
Add a new tag
Caveats
  • Supply blocks, unpowered buildings, or Contaminate may cause inaccurate times.
  • Supply counts are checked every 10 seconds.